 Dungeon Crawl Stone Soup version 0.27-a0-1232-gc6a4cbde82 (webtiles) character file.

Game seed: 11656867020065337424

1984 freelancePsychic the Fighter (level 9, 0/111 HPs)
             Began as a Human Berserker on June 8, 2021.
             Was a Priest of Trog.
             Slain by a two-headed ogre
             ... wielding a +0 giant club
              (14 damage)
             ... on level 8 of the Dungeon.
             The game lasted 00:13:10 (5974 turns).

freelancePsychic the Fighter (Human Berserker)      Turns: 5974, Time: 00:13:11

Health: 0/111      AC:  9    Str: 21    XL:     9   Next: 44%
Magic:  9/9        EV: 11    Int:  8    God:    Trog [***...]
Gold:   262        SH:  0    Dex: 12    Spells: 8/8 levels left

rFire    + + .     SeeInvis .   a - +1 spear (freeze)
rCold    + . .     Faith    .   (no shield)
rNeg     . . .     Spirit   .   r - +1 scale mail {rF+}
rPois    .         Reflect  .   (no helmet)
rElec    .         Harm     .   e - +0 cloak
rCorr    .         Rampage  .   (no gloves)
Will     ++...                  (no boots)
Stlth    ..........             (no amulet)
HPRegen  1.28/turn              h - ring of protection from cold
MPRegen  0.11/turn              m - ring of protection from fire

@: berserking, strong-willed, regenerating, very quick
A: no striking features
a: Renounce Religion, Berserk, Trog's Hand


You were on level 8 of the Dungeon.
You worshipped Trog.
Trog was most pleased with you.
You visited 1 branch of the dungeon, and saw 8 of its levels.
You also visited: Sewer.

You collected 262 gold pieces.

Inventory:

Hand Weapons
 a - a +1 spear of freezing (weapon)
 b - a +2 hunting sling of flaming
Missiles
 n - 5 curare-tipped darts
 v - 58 stones
Armour
 c - a +0 ring mail
 e - a +0 cloak (worn)
 o - a +0 chain mail
 r - a +1 scale mail of fire resistance (worn)
Jewellery
 h - a ring of protection from cold (left hand)
 m - a ring of protection from fire (right hand)
Wands
 l - a wand of mindburst (12)
 s - a wand of iceblast (9)
 x - a wand of acid (3)
 y - a wand of polymorph (5)
Scrolls
 j - 2 scrolls of vulnerability
 u - 2 scrolls of noise
Potions
 d - a potion of resistance {unknown}
 f - 6 potions of curing {@q1}
 g - a potion of heal wounds {unknown}
 i - a potion of might {unknown}
 k - a potion of berserk rage {unknown}
 p - 3 potions of flight
 q - 2 potions of attraction {unknown}
 t - a potion of cancellation {unknown}
 w - 2 potions of magic {unknown}


   Skills:
 + Level 8.2 Fighting
 - Level 5.0 Polearms
 - Level 5.1 Armour
 + Level 5.0 Dodging
 + Level 3.9 Evocations


You had 8 spell levels left.
You didn't know any spells.
Your spell library was empty.

Dungeon Overview and Level Annotations

Branches:
Dungeon (9/15)              Sewer (visited)
 Temple: D:4-7         Lair: D:8-11         Orc: D:9-12

Altars:
Cheibriados
Okawaru
Vehumet

Shops:
D:3 *:

Annotations:
D:8 1 transporter


Message History

v - 42 stones (gained 1)
You hear the slow hiss of a very distant avalanche of sand.
You feel yourself speed up.
f - 6 potions of curing {@q1} (gained 1)
You are starting to lose your buoyancy.
Found a dagger.
You recover from your berserk rage.
You float gracefully downwards.
Found 6 gold pieces.
You now have 254 gold pieces (gained 6).
Found 8 gold pieces.
Found a stone staircase leading up.
Found 16 stones.
You hear the hiss of a very distant avalanche of sand.
Found a potion of flight.
You now have 262 gold pieces (gained 8).
v - 58 stones (gained 16)
Found a golden potion.
p - 3 potions of flight (gained 1)
A two-headed ogre comes into view. It is wielding two +0 giant clubs.
The two-headed ogre shouts in stereo!
Found 17 gold pieces.
Found a transporter.
Your skin crawls.
You feel strong-willed.
The two-headed ogre hits you but does no damage.
The two-headed ogre misses you.
Your +2 hunting sling of flaming stops flaming.
Your +1 spear of freezing glows with a cold blue light!
a - a +1 spear of freezing (weapon)
The two-headed ogre hits you with a +0 giant club!
The two-headed ogre hits you with a +0 giant club!!
* * * LOW HITPOINT WARNING * * *
A red film seems to cover your vision as you go berserk!
You feel yourself moving faster!
You feel mighty!
You puncture the two-headed ogre! You freeze the two-headed ogre.
The two-headed ogre is moderately wounded.
The two-headed ogre hits you with a +0 giant club!!
* * * LOW HITPOINT WARNING * * *
The two-headed ogre hits you with a +0 giant club!
You die...

........... #....#
........... ##.!..#
.##....... #.....#
.......... #.....#
#........ +.....#
........#####....# .
.................# ≈..
....#...........###.#≈≈≈
....#...........@O..#;≈♣
....#...............#≈≈≈
.####...............#≈≈≈
#...................#≈≈P
#...................###+
#.............<.....#P.$
#...................#8.©
....................####
.##..........#...


You could see a two-headed ogre and an electric eel.

Vanquished Creatures
  6 yaks (D:8)
  A water moccasin (D:5)
  An orc warrior (D:9)
  A necrophage (D:4)
  An ogre (D:4)
  A phantom (D:4)
  2 kobold brigands
  A scorpion (D:5)
  A centaur zombie (D:8)
  An orc priest (D:5)
  A centaur skeleton (D:5)
  An iguana (D:4)
  Jessica (D:3)
  3 orc wizards
  7 adders
  7 river rats
  2 adder skeletons (D:4)
  5 worms
  11 orcs
  5 ball pythons
  4 bats
  3 endoplasms (D:1)
  2 giant cockroaches (D:3)
  8 goblins
  8 hobgoblins
  5 jackals
  18 kobolds
  2 quokkas
  3 frilled lizards
  10 rats
122 creatures vanquished.

Notes
Turn   | Place    | Note
-------+----------+-------------------------------------------
     0 | D:1      | freelancePsychic the Human Berserker began the quest for
                  | the Orb.
     0 | D:1      | Reached XP level 1. HP: 18/18 MP: 1/1
   158 | D:1      | Reached XP level 2. HP: 24/24 MP: 2/2
   313 | D:1      | Found a faded altar of an unknown god.
   732 | D:1      | Reached XP level 3. HP: 29/29 MP: 3/3
  1221 | D:2      | Reached XP level 4. HP: 12/35 MP: 4/4
  1889 | D:2      | You fall into a shaft and drop 1 floor!
  1953 | D:3      | Reached skill level 5 in Polearms
  2211 | D:3      | Found Vut Gea's General Store.
  2242 | D:3      | Found Seucourch's Book Shop.
  2252 | D:3      | Reached ** piety under Trog
  2300 | D:3      | Noticed Jessica
  2306 | D:3      | Killed Jessica
  2307 | D:3      | Reached XP level 5. HP: 41/41 MP: 5/5
  2632 | D:4      | Noticed a phantom
  2646 | D:4      | Killed a phantom
  2647 | D:4      | Reached skill level 4 in Fighting
  2647 | D:4      | Reached XP level 6. HP: 49/49 MP: 6/6
  2693 | D:4      | Found a snail-covered altar of Cheibriados.
  2907 | D:4      | Noticed a necrophage
  2924 | D:4      | Killed a necrophage
  2925 | D:4      | Reached skill level 5 in Fighting
  3068 | D:4      | Noticed an ogre
  3075 | D:4      | Killed an ogre
  3076 | D:4      | Reached XP level 7. HP: 44/56 MP: 7/7
  3286 | D:4      | Found a radiant altar of Vehumet.
  3673 | D:5      | Entered Level 5 of the Dungeon
  3983 | D:5      | Reached skill level 6 in Fighting
  3988 | D:5      | Found a glowing drain.
  3992 | Sewer    | Entered a sewer
  4217 | Sewer    | Reached *** piety under Trog
  4336 | Sewer    | Found a white marble altar of Elyvilon.
  4572 | D:5      | Reached XP level 8. HP: 65/65 MP: 8/8
  4847 | D:5      | Reached skill level 5 in Armour
  5461 | D:6      | You fall into a shaft and drop 3 floors!
  5517 | D:9      | Reached skill level 7 in Fighting
  5677 | D:9      | Found an iron altar of Okawaru.
  5677 | D:9      | Noticed a two-headed ogre
  5678 | D:9      | Noticed a gargoyle
  5789 | D:8      | Noticed a yak
  5806 | D:8      | Killed a yak
  5807 | D:8      | Reached skill level 1 in Evocations
  5834 | D:8      | Noticed a yak
  5834 | D:8      | Noticed a yak
  5852 | D:8      | Killed a yak
  5852 | D:8      | Noticed a yak
  5858 | D:8      | Killed a yak
  5858 | D:8      | Noticed a yak
  5859 | D:8      | Reached XP level 9. HP: 73/73 MP: 9/9
  5871 | D:8      | Reached skill level 8 in Fighting
  5881 | D:8      | Reached skill level 5 in Dodging
  5969 | D:8      | Noticed a two-headed ogre
  5970 | D:8      | Found a transporter.
  5974 | D:8      | Slain by a two-headed ogre

Illustrated notes

Levels and vault maps discovered:
D:1:      tarquinn_simple_flora_water_b, layout_basic,
          hellmonk_ecumenical_altar_arch_garden
D:2:      layout_basic, grunt_decor_junction
D:3:      minmay_inner_zag, layout_rooms, serial_shops, shop, shop,
          grunt_ministairs_12, uniq_jessica
D:4:      layout_loops_ring, general_overflow_altar, cheibrodos_worm_habitat,
          grunt_ministairs_5
D:5:      layout_loops_corners, lightli_sewer_entry_pipes,
          hangedman_abyss_or_decor_lesser_grid
D:6:      layout_loops_ring, minmay_temple_entry_offerings, uniq_duvessa
D:8:      gammafunk_steamed_eel, layout_basic, chequers_ossuary_entry_cave,
          serial_curves, eino_curves_02, eino_curves_03,
          minmay_misc_feat_columns
D:9:      layout_small_grid, chequers_temple_overflow_statue_of_worship

Skill      XL: |  1  2  3  4  5  6  7  8  9 |
---------------+----------------------------+-----
Polearms       | 4 5 |  5.0
Fighting       | 4 5 6 7 8 |  8.2
Armour         | 3 4 5 |  5.1
Dodging        | 4 5 |  5.0
Evocations     | 2 3 |  3.9

Action                   |  1- 3 |  4- 6 |  7- 9 || total
-------------------------+-------+-------+-------++-------
Melee: Spear             |    73 |   131 |   296 ||   500
 Fire: Hunting sling     |       |       |    15 ||    15
Invok: Berserk           |     2 |     5 |    12 ||    19
       Trog's Hand       |       |       |     3 ||     3
Evoke: Wand              |       |       |     4 ||     4
  Use: Scroll            |     2 |     3 |     7 ||    12
       Potion            |       |       |     1 ||     1
 Stab: Sleeping          |     1 |       |       ||     1
Armor: Animal skin       |     1 |       |       ||     1
       Ring mail         |    19 |    19 |     3 ||    41
       Chain mail        |       |       |    69 ||    69
       Scale mail        |       |       |    25 ||    25
Dodge: Dodged            |    31 |    45 |    87 ||   163

Table legend: (Time is in decaauts)
 A = Elapsed time spent in this place.
 B = Non-inter-level travel time spent in this place.
 C = Inter-level travel time spent in this place.
 D = Time resting spent in this place.
 E = Time spent auto-exploring this place.
 F = Levels seen in this place.
 G = Mean time per level.
                   A        B        C        D        E       F      G
               +--------+--------+--------+--------+--------+-----+--------+
         Total |   6107 |   5924 |    183 |    941 |   3770 |   9 |  678.6 |
       Dungeon |   5695 |   5512 |    183 |    810 |   3557 |   8 |  711.9 |
         Sewer |    412 |    412 |      0 |    130 |    213 |   1 |  412.0 |
               +--------+--------+--------+--------+--------+-----+--------+

Top non-repeatable levels by time:
     D:5: 1446 daAuts
     D:4: 1115 daAuts
     D:1: 1060 daAuts
     D:2: 1017 daAuts
     D:3: 531 daAuts
   Sewer: 412 daAuts
     D:9: 291 daAuts
     D:8: 225 daAuts
     D:6: 5 daAuts
